Arrhythmia, chaotic female vampiric Convict ---- --- |..-- --.----...| ----- --- --- |...|....-- --.|.----------------.---.-- |........| |.......%....>.............| |.--..|.-- |.....-------..-...........|---- ---..| |.--.---- ------....| --.......---....--..|%[)%%.- |....| --..--|....| --.......-- .--.......--.--*. ---..-- |.....---..-- |.....-- --aa...|...||...... ---...| ---............ --..--- --.@..--.----........ |..|..--- |...|...--..... ---- --........| ....|^.... |..|....| ---.--|.)--|..... |.......--- ---.... --......--|...| ---- ---......---- # --......---- ------... --...|...|.---- |.........|--- #...........-- .)...).%. --.----.(.--.| ---.....|.|..| --....%......| -...--... ------*%....| |^....-|....------.....--.|...| --..... ------.%.....-- --.------.............------.-- |...<. |......-.....| --- --..----...---- --- ---.-- --......--...| |..| |..-- -----.--|..-- ---- |..| --- ---- ---- Arrhythmia the Jail-bird Experience level: 8 Strength: 15 Dexterity: 13 Constitution: 20 Intelligence: 12 Wisdom: 8 Charisma: 7 Health: 0(92) Energy: 46(46) AC: 5 Gold: 67 Moves: 3048 Your Inventory: Coins $ - 67 gold pieces Armor q - a [blessed] +1 hard hat [dwarvish iron helm] (being worn) z - an [uncursed] +0 pair of walking shoes [low] (being worn) A - an [uncursed] +0 small shield (being worn) B - a [cursed +0] pair of padded gloves [leather] C - a [cursed -1] pair of walking shoes [low] D - an [uncursed +0] small shield Potions w - a [blessed] puce potion [of monster detection] x - an [uncursed] potion of extra healing Tools f - an [uncursed] bag [of holding] s - an [uncursed tallow] candle u - an [uncursed] towel Iron balls c - an [uncursed] heavy iron ball (chained to you) (weapon in hand) Contents of the bag of holding: 443 gold pieces an uncursed +0 striped shirt an [uncursed] Hot Futa Mare Dick named lucky charm an [uncursed] scroll labeled DAIYEN FOOELS [of remove curse] an [uncursed] spellbook of extra healing an [uncursed] spellbook of haste self an [uncursed] black potion [of invisibility] a [cursed -5] ceramic ring [of protection] an [uncursed] wand of create monster [0:14] an [uncursed] wand of speed monster [0:6] an [uncursed] partly used [tallow] candle an [uncursed] green gem [worthless glass] Spells known in the end: Name Level Category Fail Memory a - light 1 divination 60% [||||||||] b - extra healing 3 healing 100% [||||||||] c - haste self 3 escape 100% [||||||||] Your skills at the end: Fighting Skills Weapon Skills sling [Basic / Skilled] Spellcasting Skills Final Attributes: You had transgressed. Hunger level was 23. Your alignment was -22 / 25. Monster difficulty range was 0 - 6. Level difficulty was 5. You were immune to poison. You were immune to level-drain. You were immune to sickness. You were punished. You could fly. You could survive without air. You regenerated. You were lucky (1). You are dead. Vanquished creatures: 3 watchmen a raven a rope golem a rock piercer a violet fungus 6 gnome lords 2 gnomish wizards a golden naga hatchling a guardian naga hatchling a baby crocodile a giant ant a kitten 7 dwarves 3 dwarf zombies an iguana 3 coyotes 4 hobbits a large kobold 3 giant rats a cave spider 34 gnomes a gnome zombie 2 geckos 4 goblins 3 sewer rats 2 grid bugs 3 lichens 5 newts 97 creatures vanquished. Voluntary challenges: You went without food. You never hit with a wielded weapon. You read items or engraved 9 times. You put on armor 8 times. You never genocided any monsters. You never polymorphed an object. You never changed form. You used no wishes. You abstained from Elbereth's help. You never encountered a bones level. You never used any Sokoban shortcuts. Dungeon overview: The Dungeons of Doom: levels 1 to 3 Level 1 a fountain a long staircase Level 2 a fountain Level 3 some fountains stairs to The Gnomish Mines The Gnomish Mines: levels 4 to 7 Level 4 stairs to The Dungeons of Doom Level 5 <- You were here Level 7 a delicatessen, a temple, a magic chest History has recorded: On T:1 you entered the Dungeons of Doom to retrieve the Amulet of Yendor! On T:234 you advanced to experience level 2. On T:677 you reached level 2 of The Dungeons of Doom. On T:883 you advanced to experience level 3. On T:1037 you advanced to experience level 4. On T:1061 you reached level 3 of The Dungeons of Doom. On T:1257 you advanced to experience level 5. On T:1355 you reached level 1 of The Gnomish Mines. On T:1417 you advanced to experience level 6. On T:2012 you reached level 2 of The Gnomish Mines. On T:2057 you advanced to experience level 7. On T:2428 you reached level 3 of The Gnomish Mines. On T:2651 you reached level 4 of The Gnomish Mines. On T:2774 you advanced to experience level 8. Latest messages: The soldier ant stings! The soldier ant's sting was poisoned! The poison doesn't seem to affect you. The soldier ant misses. The soldier ant stings! The soldier ant bites! The soldier ant just misses! [HP-44=48] The soldier ant bites! The soldier ant stings! [HP-6=42] The soldier ant bites! The soldier ant stings! The soldier ant bites! The soldier ant stings! [HP-23=19] [HP+1=20] The soldier ant bites! The soldier ant misses. The soldier ant bites! The soldier ant stings! You die... Final status: Goodbye Arrhythmia the Convict... You died in The Gnomish Mines on dungeon level 5 with 4057 points, and 510 pieces of gold, after 3048 moves. You were level 8 with a maximum of 92 hit points when you died.